 Dungeon Crawl Stone Soup version 0.25-a0-657-ge95d391c20 (webtiles) character file.

Game seed: 8833453533728292671, levelgen mode: deterministic

1245 darkraptor the Spear-Bearer (level 8, -12/70 HPs)
             Began as a Minotaur Berserker on Mar 22, 2020.
             Was a Priest of Trog.
             Hit by a large rock thrown by a cyclops (19 damage)
             ... on level 7 of the Dungeon.
             The game lasted 00:26:18 (2945 turns).

darkraptor the Spear-Bearer (Minotaur Berserker)    Turns: 2945, Time: 00:26:18

Health: -12/70     AC: 13    Str: 24    XL:     8   Next: 25%
Magic:  7/7        EV: 10    Int:  4    God:    Trog [***...]
Gold:   244        SH:  0    Dex: 10    Spells: 7/7 levels left

rFire    . . .     SeeInvis .   F - +1 halberd (flame)
rCold    + . .     Gourm    .   (shield currently unavailable)
rNeg     . . .     Faith    .   n - +3 chain mail {rC+}
rPois    .         Spirit   .   (helmet restricted)
rElec    .         Reflect  .   (no cloak)
rCorr    .         Harm     .   (no gloves)
MR       ++...                  (no boots)
Stlth    ..........             (no amulet)
HPRegen  1.21/turn              (no ring)
MPRegen  0.10/turn              (no ring)

@: flying, regenerating
A: retaliatory headbutt, horns 2
a: Berserk, Trog's Hand, Renounce Religion


You were on level 7 of the Dungeon.
You worshipped Trog.
Trog was most pleased with you.
You were not hungry.

You visited 1 branch of the dungeon, and saw 6 of its levels.

You collected 244 gold pieces.

Inventory:

Hand Weapons
 a - a +0 spear
 k - a +0 shortbow
 s - a +1 flail of draining
 C - a +0 dire flail
 F - a +1 halberd of flaming (weapon)
Missiles
 f - 70 arrows (quivered)
 q - 24 poisoned darts
Armour
 n - a +3 chain mail of cold resistance (worn)
 t - a +0 chain mail
 D - a scarf of cloud immunity
 G - +0 acid dragon scales
Jewellery
 g - an uncursed ring of ice {unknown}
 m - an uncursed ring of ice {unknown}
Wands
 y - a wand of random effects (6)
 z - a wand of scattershot (5)
 B - a wand of iceblast (11)
Scrolls
 b - a scroll of random uselessness {unknown}
 i - 2 scrolls of identify {unknown}
 j - a scroll of teleportation
 l - a scroll of remove curse {unknown}
 o - 2 scrolls of enchant weapon {unknown}
 p - a scroll of fog {unknown}
 v - a scroll of magic mapping {unknown}
 A - a scroll of amnesia {unknown}
Potions
 d - a potion of haste
 h - a potion of magic {unknown}
 r - a potion of lignification {unknown}
 u - a potion of stabbing {unknown}
 w - a potion of cancellation {unknown}
 x - a potion of degeneration {unknown}
Comestibles
 c - 3 rations


   Skills:
 + Level 6.2 Fighting
 + Level 8.4 Polearms
 + Level 0.7 Throwing
 + Level 6.8 Armour
 + Level 3.8 Dodging
 + Level 1.0 Stealth


You had 7 spell levels left.
You didn't know any spells.
Your spell library was empty.

Dungeon Overview and Level Annotations

Branches:
Dungeon (7/15)
 Temple: D:4-7

Altars:
Elyvilon
Fedhas
Okawaru


Innate Abilities, Weirdness & Mutations

You reflexively headbutt those who attack you in melee.
You have a pair of horns on your head.


Message History

The ogre barely misses you.
It was a potion of flight.
You feel very buoyant.
You fly up into the air.
The ogre hits you with a +0 giant club.
* * * LOW HITPOINT WARNING * * *
Unknown command.
The orc closely misses you.
The orc wizard hits you but does no damage.
An orc comes into view.
The orc shouts!
You hear a shout!
The ogre barely misses you. You furiously retaliate!
You headbutt the ogre. The ogre hits you with a +0 giant club!
* * * LOW HITPOINT WARNING * * *
The orc wizard begins to cast a cantrip, but forgets the words!
The orc wizard casts a spell.
The orc wizard seems to speed up.
A cyclops comes into view.
The cyclops shouts!
You hear a loud, deep croak!
The cyclops throws a large rock.
The large rock hits you!!
You die...

#..........# ###..........#.
...... ##...........$.. .....
..............# #...###
#.............# ....#.##
#####..#.......(... ....#..
#...#..#........... ....#.##
+...#.@Oo......##.. ....#..+
#...#..oOo.......#
<.....#####....:.......#.....
....#..'..#...#............!.
....#.##..)...#..#...o...#...
....#..+..#...#..#.......# ..
....#.###.#####....)....?.$ .
####### #.# #####C#####.#.
#.# ... .. .


You could see a cyclops, 2 ogres, an orc wizard and 3 orcs.

Vanquished Creatures
  Maggie (D:6)
  Sigmund (D:6)
  An ice beast (D:7)
  A centaur (D:6)
  A scorpion (D:6)
  A killer bee (D:7)
  A crimson imp (D:7)
  A gnoll shaman (D:6)
  3 hounds
  2 jellies (D:7)
  3 orc wizards
  A bullfrog skeleton (D:7)
  5 adders
  6 gnolls
  A shadow imp (D:6)
  2 oozes
  An adder skeleton (D:6)
  3 worms (D:2)
  A dart slug (D:2)
  3 leopard geckos
  13 orcs
  4 giant cockroaches
  6 goblins
  5 hobgoblins
  4 jackals (D:3)
  A quokka (D:6)
  A ball python (D:6)
  2 bats
  7 frilled lizards
  5 kobolds
  8 rats
95 creatures vanquished.

Notes
Turn   | Place    | Note
-------+----------+-------------------------------------------
     0 | D:1      | darkraptor the Minotaur Berserker began the quest for the
                  | Orb.
     0 | D:1      | Reached XP level 1. HP: 19/19 MP: 0/0
   188 | D:2      | Reached XP level 2. HP: 25/27 MP: 1/1
   286 | D:2      | Reached skill level 4 in Polearms
   286 | D:2      | Reached XP level 3. HP: 23/34 MP: 2/2
   287 | D:2      | Found a white marble altar of Elyvilon.
   680 | D:2      | Reached ** piety under Trog
   703 | D:2      | Reached XP level 4. HP: 41/41 MP: 3/3
  1252 | D:3      | Reached skill level 5 in Polearms
  1364 | D:3      | Found an iron altar of Okawaru.
  1547 | D:3      | Reached skill level 5 in Fighting
  1551 | D:3      | Reached XP level 5. HP: 37/48 MP: 4/4
  1842 | D:3      | Reached *** piety under Trog
  2018 | D:4      | Reached skill level 6 in Polearms
  2018 | D:4      | Reached XP level 6. HP: 56/56 MP: 5/5
  2050 | D:4      | You fall into a shaft and drop 2 floors!
  2150 | D:6      | Found a blossoming altar of Fedhas.
  2216 | D:6      | Reached skill level 1 in Stealth
  2426 | D:6      | Noticed Maggie
  2456 | D:6      | Killed Maggie
  2456 | D:6      | Reached skill level 7 in Polearms
  2456 | D:6      | Reached skill level 5 in Armour
  2456 | D:6      | Reached XP level 7. HP: 22/62 MP: 6/6
  2685 | D:6      | Noticed Sigmund
  2697 | D:6      | Killed Sigmund
  2886 | D:7      | Reached skill level 8 in Polearms
  2886 | D:7      | Reached XP level 8. HP: 70/70 MP: 7/7
  2944 | D:7      | Noticed a cyclops
  2945 | D:7      | Hit by a large rock thrown by a cyclops

Levels and vault maps discovered:
D:1:      elethiomel_arrival_quiet, layout_basic
D:2:      layout_rooms, lemuel_crystal_altar
D:3:      layout_loops_cross, kennysheep_okawaru_gauntlet
D:4:      layout_loops_corners, lemuel_doored_altar, lemuel_blue_sif_altar,
          grunt_gozag_statues, first_ration, hangedman_decor_peaks_small,
          cheibrodos_gnoll_hut, uniq_blork_the_orc
D:6:      layout_rooms, nicolae_overflow_crystal_walls, uniq_sigmund,
          uniq_maggie
D:7:      minmay_the_grid_plus [minmay_the_grid_gridbox,
          minmay_the_grid_square_x, minmay_the_grid_tree,
          minmay_the_grid_outer_diamond, minmay_the_grid_prize_big_room],
          layout_cave_pools

Skill      XL: |  1  2  3  4  5  6  7 |
---------------+----------------------+-----
Fighting       | 4 5 6 |  6.2
Polearms       | 4 5 6 7 8 |  8.4
Armour         | 3 5 6 |  6.8
Dodging        | 3 |  3.8
Stealth        | 1 |  1.0
Throwing       | |  0.7

Action                   |  1- 3 |  4- 6 |  7- 9 || total
-------------------------+-------+-------+-------++-------
Melee: Spear             |    47 |   190 |       ||   237
       Headbutt          |     8 |    35 |     8 ||    51
       Halberd           |       |       |    45 ||    45
Throw: Dart              |       |     4 |       ||     4
Invok: Berserk           |     3 |     4 |     1 ||     8
       Trog's Hand       |       |       |     1 ||     1
Evoke: Wand              |       |       |     1 ||     1
  Use: Potion            |       |     1 |     1 ||     2
       Scroll            |       |     3 |       ||     3
  Eat: Chunk             |     1 |     6 |     1 ||     8
       Ration            |       |     1 |     1 ||     2
Armor: Animal skin       |     3 |     4 |       ||     7
       Chain mail        |       |    96 |    30 ||   126
Dodge: Dodged            |    19 |    94 |    21 ||   134

Table legend:
 A = Non-vault XP
 B = Vault XP
 C = Vault XP percentage of total XP
 D = Non-vault monster count
 E = Vault monster count
 F = Vault count percentage of total count
                 A         B        C        D         E       F
            +---------+---------+-------+---------+---------+-------
      Total |     772 |    1007 |  56.6 |      82 |      13 |  13.7
            +---------+---------+-------+---------+---------+-------
        D:1 |      12 |       0 |   0.0 |       8 |       0 |   0.0
        D:2 |     126 |       0 |   0.0 |      27 |       0 |   0.0
        D:3 |     176 |       4 |   2.2 |      27 |       2 |   6.9
        D:4 |       0 |      97 | 100.0 |       0 |       3 | 100.0
        D:6 |     365 |     636 |  63.5 |      18 |       2 |  10.0
        D:7 |      93 |     270 |  74.4 |       2 |       6 |  75.0
            +---------+---------+-------+---------+---------+-------
